 Dungeon Crawl Stone Soup version 0.22-a0-422-g9628fc8 (webtiles) character file.

6015 Falco the Conjurer (level 10, -2/81 HPs)
             Began as a Black Draconian Conjurer on May 20, 2018.
             Was a Follower of Vehumet.
             Slain by a small abomination (15 damage)
             ... on level 9 of the Dungeon.
             The game lasted 01:35:20 (11387 turns).

Falco the Conjurer (Black Draconian Conjurer)      Turns: 11387, Time: 01:35:22

Health: -2/81      AC: 10    Str: 10    XL:     10   Next: 56%
Magic:  20/20      EV: 15    Int: 19    God:    Vehumet [*.....]
Gold:   454        SH:  0    Dex: 12    Spells: 3/22 levels left

rFire    x . .     SeeInvis .   C - staff of wizardry
rCold    + + .     Gourm    .   (no shield)
rNeg     . . .     Faith    .   (armour unavailable)
rPois    .         Spirit   .   (helmet restricted)
rElec    +         Reflect  .   (no cloak)
rCorr    .         Harm     .   (no gloves)
MR       .....                  p - +2 pair of boots
Stlth    ++........             m - amulet of the acrobat
HPRegen  0.23/turn              e - ring of ice
MPRegen  0.17/turn              F - ring of protection from cold

@: short of breath
A: breathe lightning, unfitting armour, electricity resistance, cold-blooded, AC
+7
a: Breathe Lightning, Renounce Religion


You were on level 9 of the Dungeon.
You worshipped Vehumet.
Vehumet was aware of your devotion.
You were not hungry.

You visited 2 branches of the dungeon, and saw 10 of its levels.

You collected 454 gold pieces.

Inventory:

Hand Weapons
 u - a +4 dagger
 w - a +2 whip of electrocution
 D - a +2 hunting sling of velocity
Missiles
 l - 37 sling bullets
Armour
 p - a +2 pair of boots (worn)
Magical Staves
 C - an uncursed staff of wizardry (weapon)
 H - an uncursed staff of cold {unknown}
Jewellery
 e - a ring of ice (left hand)
 k - an uncursed amulet of harm
 m - an amulet of the acrobat (around neck)
 F - a ring of protection from cold (right hand)
Wands
 r - a wand of flame (24)
 t - a wand of random effects (17)
 x - a wand of acid (5)
Scrolls
 d - a scroll of remove curse
 f - a scroll of fog
 h - 4 scrolls of teleportation
 j - a scroll of amnesia {unknown}
 n - 2 scrolls of magic mapping
 o - a scroll of blinking {unknown}
 v - a scroll of enchant weapon {unknown}
 y - 3 scrolls of enchant armour
 B - a scroll of noise {unknown}
Potions
 a - a potion of resistance
 c - a potion of flight
 g - 8 potions of curing
 i - a potion of agility {unknown}
 q - 2 potions of brilliance
 s - 2 potions of degeneration {unknown}
 z - a potion of haste {unknown}
 A - a potion of magic {unknown}
 E - a potion of lignification {unknown}
Miscellaneous
 G - a phial of floods (inert)
Comestibles
 b - 3 rations


   Skills:
 + Level 5.2 Fighting
 - Level 4.0 Short Blades
 + Level 0.4(2.4) Maces & Flails
 * Level 3.9 Staves
 + Level 5.1 Slings
 + Level 6.6 Dodging
 + Level 4.1 Stealth
 + Level 6.9 Spellcasting
 + Level 7.8 Conjurations
 + Level 0.3 Hexes


You had 3 spell levels left.
You knew the following spells:

 Your Spells              Type           Power        Failure   Level  Hunger
a - Magic Dart            Conj           ####         1%          1    None
b - Searing Ray           Conj           #####.       1%          2    None
c - Dazzling Spray        Conj/Hex       ###...       2%          3    #......
d - Iskenderun's Mystic   Conj           #####...     1%          4    ###....
e - Confusing Touch       Hex            #.....       3%          1    None
f - Fulminant Prism       Conj/Hex       ###.......   8%          4    ###....
g - Confuse               Hex            #.......     11%         3    #......
h - Flame Tongue          Conj/Fire      ###..        1%          1    None

Your spell library contained the following spells:

 Spells                   Type           Power        Failure   Level  Hunger
 Regeneration             Chrm/Necr      #.........   12%         3    #......
 Metabolic Englaciation   Hex/Ice        ##........   67%         5    #####..
 Petrify                  Tmut/Erth      #.......     38%         4    ###....
 Shroud of Golubria       Chrm/Tloc      #.........   6%          2    None
 Force Lance              Conj/Tloc      ###.....     9%          4    ###....
 Infusion                 Chrm           #...         4%          1    None
 Song of Slaying          Chrm           #.......     6%          2    None
 Spectral Weapon          Hex/Chrm       #.......     12%         3    #......
 Gell's Gravitas          Tloc           #.........   12%         3    #......
 Yara's Violent Unravell  Hex/Tmut       #.........   67%         5    #####..


Dungeon Overview and Level Annotations

Branches:
Dungeon (9/15)             Temple (1/1) D:6            Lair (0/6) D:9
    Orc (0/2) D:9

Altars:
Ashenzari
Cheibriados
Dithmenos
Elyvilon
Fedhas
Gozag
Hepliaklqana
Kikubaaqudgha
Makhleb
Nemelex Xobeh
Okawaru
Qazlal
Ru
Sif Muna
Trog
Uskayaw
Vehumet
Wu Jian
Yredelemnul
Zin
The Shining One
Lugonu

Annotations:
D:9 1 transporter


Innate Abilities, Weirdness & Mutations

You can breathe wild blasts of lightning.
Your glossy black scales are hard. (AC +7)
You cannot fit into any form of body armour.
You are resistant to electric shocks. (rElec)
You are cold-blooded and may be slowed by cold attacks.


Message History

The small abomination hits you!
Your water elemental hits the small abomination!
Your water elemental engulfs the small abomination in water!
You see here 14 gold pieces.
You breathe a wild blast of lightning!
You hear a mighty clap of thunder!
The bolt of lightning hits the small abomination.
The small abomination is severely damaged.
The bolt of lightning hits the small abomination.
The small abomination is heavily damaged.
The orb of electricity explodes!
You feel somewhat more hungry.
The small abomination closely misses you.
The small abomination hits your water elemental!!
The small abomination closely misses you.
The small abomination misses you.
The small abomination barely misses you.
The small abomination hits you!
* * * LOW HITPOINT WARNING * * *
The small abomination hits you!
You die...

####....### ######.#######
#>...###. ##..###........
#....# ..## #..©.##........
#....# #u.# ##....##........
#....# #...###....###........
#....# #≈u.....#####........
#.....#####x≈($.#####.........
#.r...©.###Exxx.###.©.........
.#####≈x@x.#####.........
#.....x.# ##........
#...###...# #........ #..#
##.x# #........ ..## ##.©
#........ ##. .###.......# #
#.......#


You could see 2 ugly things, 8 small abominations and a friendly water
elemental.

Vanquished Creatures
  The ghost of Gorgondantess the Ogre Mage, a novice OgWz of Ru (D:8)
  Pikel (D:5)
  Joseph (D:7)
  A troll (D:9)
  2 hippogriffs (D:7)
  Sigmund (D:5)
  4 yaks
  A vampire (D:9)
  Edmund (D:5)
  A hungry ghost (D:9)
  The ghost of TwoGrow the Cutter, an amateur HaMo (D:3)
  An ice beast (D:8)
  A black bear (D:6)
  A sky beast (D:6)
  2 phantoms
  A wolf (D:9)
  2 centaurs
  3 ogres
  A big kobold (D:8)
  A bullfrog (D:6)
  3 scorpions
  4 killer bees (D:8)
  A howler monkey (D:9)
  2 electric eels (D:9)
  3 crimson imps
  2 bullfrog zombies
  2 centaur zombies
  2 quasits (D:8)
  5 hounds
  2 orc priests
  A gnoll shaman (D:8)
  2 bullfrog skeletons
  6 orc wizards
  Ijyb (D:4)
  4 iguanas
  4 worker ants
  A worker ant zombie (D:6)
  11 adders
  10 gnolls
  2 river rats (D:4)
  2 shadow imps
  2 oozes
  3 worms
  2 dart slugs (D:2)
  13 leopard geckos
  33 orcs
  2 ball pythons
  7 bats
  6 giant cockroaches
  9 goblins
  7 hobgoblins
  13 jackals
  3 quokkas
  7 frilled lizards
  A jackal skeleton (D:9)
  11 kobolds
  A quokka skeleton (D:5)
  10 rats
228 creatures vanquished.

Vanquished Creatures (others)
  A slave (D:5)
  A centaur (D:5)
  A worm (D:5)
  5 fulminant prisms
8 creatures vanquished.

Grand Total: 236 creatures vanquished

Notes
Turn   | Place    | Note
-------+----------+-------------------------------------------
     0 | D:1      | Falco the Draconian Conjurer began the quest for the Orb.
     0 | D:1      | Reached XP level 1. HP: 14/14 MP: 3/3
   185 | D:1      | Reached XP level 2. HP: 20/20 MP: 0/5
   189 | D:1      | Learned a level 2 spell: Searing Ray
  1052 | D:2      | Reached XP level 3. HP: 20/26 MP: 3/6
  1129 | D:2      | Learned a level 3 spell: Dazzling Spray
  1401 | D:2      | Found a snail-covered altar of Cheibriados.
  1553 | D:2      | Reached skill level 5 in Conjurations
  1802 | D:2      | Reached XP level 4. HP: 26/33 MP: 3/8
  2390 | D:3      | Noticed TwoGrow's ghost (amateur HaMo)
  2492 | D:3      | Killed TwoGrow's ghost
  2492 | D:3      | Reached skill level 1 in Slings
  2492 | D:3      | Reached XP level 5. HP: 34/39 MP: 4/9
  2542 | D:3      | Learned a level 4 spell: Iskenderun's Mystic Blast
  2953 | D:3      | Reached XP level 6. HP: 45/46 MP: 3/11
  3341 | D:3      | Learned a level 1 spell: Confusing Touch
  4047 | D:4      | Reached skill level 1 in Fighting
  4050 | D:4      | Your scales start taking on a glossy black colour.
  4050 | D:4      | Reached XP level 7. HP: 22/52 MP: 0/12
  4050 | D:4      | Gained mutation: You are resistant to electric shocks. (rElec) [Black Draconian growth]
  4523 | D:4      | Noticed Ijyb
  4549 | D:4      | Killed Ijyb
  5070 | D:5      | Entered Level 5 of the Dungeon
  5070 | D:5      | Noticed Sigmund
  5080 | D:5      | Killed Sigmund
  5080 | D:5      | Reached skill level 1 in Short Blades
  5396 | D:5      | Found an ancient bone altar of Kikubaaqudgha.
  5410 | D:5      | Noticed Pikel
  5417 | D:5      | Killed Pikel
  5417 | D:5      | Reached skill level 6 in Conjurations
  5417 | D:5      | Reached XP level 8. HP: 62/62 MP: 6/15
  5567 | D:5      | Found a basalt altar of Yredelemnul.
  5661 | D:5      | Reached skill level 5 in Spellcasting
  5717 | D:5      | Found a white marble altar of Elyvilon.
  5856 | D:5      | Noticed Edmund
  5863 | D:5      | Killed Edmund
  6250 | D:6      | Found a deep blue altar of Sif Muna.
  6260 | D:6      | Found a staircase to the Ecumenical Temple.
  6264 | Temple   | Entered the Ecumenical Temple
  6537 | Temple   | Became a worshipper of Vehumet
  6738 | D:6      | Reached XP level 9. HP: 71/71 MP: 10/16
  6749 | D:6      | Learned a level 4 spell: Fulminant Prism
  6753 | D:6      | Learned a level 3 spell: Confuse
  7855 | D:7      | Noticed Joseph
  7896 | D:7      | Killed Joseph
  7896 | D:7      | Reached skill level 1 in Staves
  7896 | D:7      | Reached skill level 7 in Conjurations
  8515 | D:7      | Found a deep blue altar of Sif Muna.
  9066 | D:8      | Noticed Gorgondantess's ghost (novice OgWz)
  9113 | D:8      | Killed Gorgondantess's ghost
  9113 | D:8      | Reached skill level 5 in Dodging
  9113 | D:8      | Reached XP level 10. HP: 31/80 MP: 0/19
  9459 | D:8      | Reached * piety under Vehumet
  9459 | D:8      | Offered knowledge of Flame Tongue by Vehumet.
  9462 | D:8      | Learned a level 1 spell: Flame Tongue
  9888 | D:8      | Found a shadowy altar of Dithmenos.
 10203 | D:9      | Reached skill level 5 in Fighting
 10484 | D:9      | Found a staircase to the Orcish Mines.
 10555 | D:9      | Reached skill level 5 in Slings
 10915 | D:9      | Found a staircase to the Lair.
 11314 | D:9      | Found a transporter.
 11365 | D:9      | Found a corrupted altar of Lugonu.
 11381 | D:9      | Found a transporter.
 11381 | D:9      | Noticed a red ugly thing
 11384 | D:9      | Noticed a red ugly thing
 11387 | D:9      | Slain by a small abomination

Vault maps used:
D:1:      minmay_arrival_semitransparent
D:2:      kennysheep_slug_shrine
D:3:      minmay_joined_circles
D:4:      gup_sewer_entry_spiral, uniq_ijyb
D:5:      nicolae_overflow_hidden_temple, nicolae_overflow_crystal_walls,
          first_ration, elyvilon_altar_1, uniq_edmund, uniq_pikel, uniq_sigmund
D:6:      minmay_temple_entry_butterflies, basic_altar
D:7:      lemuel_blue_sif_altar, uniq_joseph
D:8:      marbit_many_paths
D:9:      gammafunk_corrupted_shrine, overflow_temple_1_default,
          erik_lair_island, david_orc_2, grunt_pizzeria,
          nemelex_xobeh_ov_fountains_minmay
Temple:   eino_temple_rhombus

Skill      XL: |  1  2  3  4  5  6  7  8  9 10 |
---------------+-------------------------------+-----
Dodging        | 2 3 4 5 6 |  6.6
Conjurations   | 5 6 7 |  7.8
Stealth        | 2 3 4 |  4.1
Slings         | 1 2 3 4 5 |  5.1
Spellcasting   | 3 4 5 6 |  6.9
Fighting       | 1 2 3 4 5 |  5.2
Short Blades   | 2 3 4 |  4.0
Staves         | 2 3 |  3.9
Maces & Flails | |  0.4
Hexes          | |  0.3

Action                   |  1- 3 |  4- 6 |  7- 9 | 10-12 || total
-------------------------+-------+-------+-------+-------++-------
Melee: Unarmed           |    27 |    15 |       |       ||    42
       Tailslap          |     3 |     3 |    18 |     5 ||    29
       Dagger            |       |       |   106 |       ||   106
       Whip              |       |       |    14 |       ||    14
       Staff             |       |       |    41 |    92 ||   133
 Fire: Hunting sling     |       |    73 |    31 |     5 ||   109
 Cast: Magic Dart        |    73 |    86 |   126 |    68 ||   353
       Searing Ray       |     3 |     8 |    31 |    18 ||    60
       Confusing Touch   |       |     2 |       |       ||     2
       Iskenderun's Myst |       |     1 |    11 |     9 ||    21
       Fulminant Prism   |       |       |     3 |     2 ||     5
       Flame Tongue      |       |       |       |     6 ||     6
 Abil: Breathe Lightning |       |       |    13 |     5 ||    18
Evoke: Phial of floods   |       |       |       |     1 ||     1
  Use: Scroll            |     2 |     3 |     8 |     3 ||    16
       Potion            |       |       |     6 |     2 ||     8
 Stab: Confused          |       |     2 |       |       ||     2
       Sleeping          |       |       |     4 |       ||     4
       Distracted        |       |       |       |     1 ||     1
  Eat: Ration            |     2 |     2 |     6 |     3 ||    13
Armor: Skin              |    24 |    25 |   166 |    86 ||   301
Dodge: Dodged            |    35 |    63 |   319 |   161 ||   578

Table legend:
 A = Spawn XP
 B = Non-spawn XP
 C = Spawn XP percentage of total XP
 D = Spawn monster count
 E = Non-spawn monster count
 F = Spawn count percentage of total count
 G = Total turns spent on level
                    A         B        C        D         E        F      G
               +---------+---------+-------+---------+---------+-------+---------
         Total |       0 |    8593 |   0.0 |       0 |     228 |   0.0 | 11387
               +---------+---------+-------+---------+---------+-------+---------
           D:1 |       0 |      40 |   0.0 |       0 |      20 |   0.0 |  1050
           D:2 |       0 |      72 |   0.0 |       0 |      19 |   0.0 |  1094
           D:3 |       0 |     369 |   0.0 |       0 |      46 |   0.0 |  1647
           D:4 |       0 |     595 |   0.0 |       0 |      34 |   0.0 |  1279
           D:5 |       0 |    1469 |   0.0 |       0 |      17 |   0.0 |  1148
           D:6 |       0 |     798 |   0.0 |       0 |      16 |   0.0 |   642
           D:7 |       0 |    1120 |   0.0 |       0 |       9 |   0.0 |  1616
           D:8 |       0 |    1986 |   0.0 |       0 |      30 |   0.0 |  1380
           D:9 |       0 |    2144 |   0.0 |       0 |      37 |   0.0 |  1219
               +---------+---------+-------+---------+---------+-------+---------
